 Dungeon Crawl Stone Soup version 0.17.0-28-g6e173f8 (webtiles) character file.

65 dohliylev the Sneak (level 3, 0/27 HPs)
             Began as a Vampire Assassin on Dec 1, 2015.
             Slain by a bat (1 damage)
             ... on level 3 of the Dungeon.
             The game lasted 00:04:33 (1210 turns).

dohliylev the Sneak (Vampire Assassin)              Turns: 1210, Time: 00:04:34

Health: 0/27       AC:  3    Str: 10    XL:     3   Next: 94%
Magic:  3/3        EV: 12    Int: 13    God:
Gold:   130        SH:  0    Dex: 16    Spells: 0 memorised, 2 levels left

rFire  . . .     SeeInvis +     o - +0 dagger (venom)
rCold  . . .     Clarity  .     c - +0 robe
rNeg   . . .     SustAt   .     (no shield)
rPois  .         Gourm    .     (no helmet)
rElec  .         Spirit   .     d - +0 cloak
rCorr  .         Warding  .     (no gloves)
rMut   .         Stasis   .     (no boots)
MR     .....                    (no amulet)
Stlth  +++.......               (no ring)
                                p - ring of loudness (curse)

@: regenerating quickly, not resistant to hostile enchantments, fairly stealthy
A: fangs 3, see invisible, unbreathing
a: no special abilities


You were on level 3 of the Dungeon.
You were full.

You visited 1 branch of the dungeon, and saw 3 of its levels.

You collected 130 gold pieces.

Inventory:

Hand Weapons
 a - a +2 dagger
 b - a +0 blowgun
 n - a +1 dagger of venom
 o - a +0 dagger of venom (weapon)
Missiles
 e - 20 poisoned needles
 f - 2 curare-tipped needles
Armour
 c - a +0 robe (worn)
 d - a +0 cloak (worn)
Jewellery
 p - a cursed ring of loudness (left hand)
Scrolls
 h - a scroll of noise {unknown}
 i - 2 scrolls of remove curse {unknown}
 k - 3 scrolls of teleportation {unknown}
 l - 2 scrolls of random uselessness {unknown}
Potions
 g - 8 potions of blood
 j - 4 potions of heal wounds {unknown}
 m - 2 potions of curing {unknown}


   Skills:
 + Level 1.8 Fighting
 + Level 2.6 Short Blades
 + Level 1.7 Throwing
 + Level 1.7 Dodging
 + Level 7.6 Stealth


You had 2 spell levels left.
You didn't know any spells.

Dungeon Overview and Level Annotations

Branches:
Dungeon (3/15)

Altars:
Kikubaaqudgha


Innate Abilities, Weirdness & Mutations

Your natural rate of healing is unusually fast.
You have razor-sharp teeth.
You have supernaturally acute eyesight.
You can survive without breathing.


Message History

The jackal bites you. The bat hits you but does no damage.
The bat barely misses you. The goblin hits you with a club.
The jackal barely misses you. The bat closely misses you.
The bat barely misses you.
The jackal bites you but does no damage.
The goblin hits you with a club. The jackal misses you.
A giant newt and a hobgoblin come into view.
The bat misses you. The goblin hits you with a club.
* * * LOW HITPOINT WARNING * * *
The jackal misses you. The bat closely misses you. The bat hits you.
* * * LOW HITPOINT WARNING * * *
The jackal bites you.
* * * LOW HITPOINT WARNING * * *
The goblin hits you with a club.
* * * LOW HITPOINT WARNING * * *
The orc priest looks braver for a moment.
The bat hits you.
You die...

.......# #.
.......# ..
.......# .##
........ ..
.......## .#
........#########.#
...............#bl#
#.#.........g@#
#...........#h#
###.#.<.####.os.o
#..#..........ho
##.....##.....o...
#.....##..g.....#
.................#
...>...............
..........#


You could see an orc priest, an orc (wandering), a jackal, a giant cockroach, a
hobgoblin, a goblin, a bat and a giant newt.

Vanquished Creatures
  An adder (D:2)
  An ooze (D:2)
  A worm (D:2)
  4 giant cockroaches
  10 hobgoblins
  A ball python (D:2)
  3 giant geckos
  3 giant newts
  5 goblins
  11 kobolds
  4 rats (D:1)
44 creatures vanquished.

Notes
Turn   | Place    | Note
--------------------------------------------------------------
     0 | D:1      | dohliylev the Vampire Assassin began the quest for the Orb.
     0 | D:1      | Reached XP level 1. HP: 16/16 MP: 1/1
    16 | D:1      | Reached skill level 6 in Stealth
   173 | D:1      | Reached XP level 2. HP: 16/22 MP: 2/2
   586 | D:2      | Reached skill level 7 in Stealth
   586 | D:2      | Reached XP level 3. HP: 27/27 MP: 3/3
  1036 | D:2      | Found an ancient bone altar of Kikubaaqudgha.
  1210 | D:3      | HP: 1/27 [goblin/club (2)]
  1210 | D:3      | Slain by a bat

Action                   || total
-------------------------++-------
Melee: Dagger            ||    97
 Fire: Blowgun           ||     5
 Stab: Sleeping          ||    11
       Distracted        ||     1
  Eat: Corpse            ||     6
